PBL
PORTLAND ANGELS @ KELOWNA HEAT
07/26/2047
 
TOP OF THE 1ST
Portland Angels batting - Pitching for Kelowna Heat : LHP Jason Haas
Pitching: LHP Jason Haas
Batting: RHB Carlos Gonzales 0-0: Foul Ball, location: 2F
0-1: Ball
1-1: Ball
2-1: Foul Ball, location: 2F
2-2: Foul Ball, location: 2F
2-2: Foul Ball, location: 2F
2-2: Ball
3-2: Foul Ball, location: 2F
3-2: Fly out, F7 (Flyball, 7LM, EV 93.1 MPH)
Batting: RHB Fernando Sosa 0-0: Foul Ball, location: 2F
0-1: Foul Ball, location: 2F
0-2: Strikes out swinging
Batting: LHB Ramon Garduno 0-0: Called Strike
0-1: Ball
1-1: Foul Ball, location: 2F
1-2: Strikes out looking
Top of the 1st over - 0 runs, 0 hits, 0 errors, 0 left on base; Portland 0 - Kelowna 0
BOTTOM OF THE 1ST
Kelowna Heat batting - Pitching for Portland Angels : LHP Randy Boutilier
Pitching: LHP Randy Boutilier
Batting: RHB Armando Ramirez 0-0: Ball
1-0: Called Strike
1-1: Ground out 3-1 (Groundball, 34S, EV 84.4 MPH)
Batting: RHB Noe Oliva 0-0: Fly out, F9 (Flyball, 9, EV 92.5 MPH)
Batting: RHB Tony Harper 0-0: Foul Ball, location: 2F
0-1: Ball
1-1: Swinging Strike
1-2: SINGLE (Groundball, 56D, EV 101.9 MPH)
Batting: LHB Mike Roberts 0-0: Foul Ball, location: 2F
0-1: Ball
1-1: DOUBLE (Line Drive, 78D, EV 108.8 MPH)
Tony Harper to third
Runner from 3rd tries for Home, SAFE, throw by CF to home
Batting: LHB Oscar Tamayo 0-0: Ball
1-0: Foul Ball, location: 2F
1-1: Foul Ball, location: 2F
1-2: SINGLE (Groundball, 4D, EV 96.2 MPH)
Mike Roberts to third
Runner from 3rd tries for Home, SAFE, throw by CF to home
Batting: LHB Adrian Navarro 0-0: Called Strike
0-1: Fly out, F8 (Flyball, 8LXD, EV 106.2 MPH)
Bottom of the 1st over - 2 runs, 3 hits, 0 errors, 1 left on base; Portland 0 - Kelowna 2
TOP OF THE 2ND
Portland Angels batting - Pitching for Kelowna Heat : LHP Jason Haas
Batting: RHB Alex Rosaly 0-0: Ground out 5-3 (Groundball, 56S, EV 94.4 MPH)
Batting: SHB Yuya Hirata 0-0: Ball
1-0: Swinging Strike
1-1: Ball
2-1: Called Strike
2-2: Ball
3-2: Strikes out swinging
Batting: LHB Kevin Feldman 0-0: Hit by Pitch
Batting: RHB Dan Contreras 0-0: Ball
Kevin Feldman steals 2nd base
1-0: SINGLE (Groundball, 6MD, EV 100.6 MPH)
Kevin Feldman to third
Runner from 3rd tries for Home, SAFE, throw by CF to home
Dan Contreras to second
Batting: LHB David Coatney 0-0: Called Strike
0-1: Ball
1-1: Ball
2-1: Ball
3-1: Base on Balls
Batting: RHB Mario Martinez 0-0: Ball
1-0: Fly out, F6 (Popup, 56, EV 64.4 MPH)
Top of the 2nd over - 1 run, 1 hit, 0 errors, 2 left on base; Portland 1 - Kelowna 2
BOTTOM OF THE 2ND
Kelowna Heat batting - Pitching for Portland Angels : LHP Randy Boutilier
Batting: RHB Tsugio Yamaguchi 0-0: Ground out 1-3 (Groundball, 13, EV 75.0 MPH)
Batting: RHB Soichi Kaneshiro 0-0: Ball
1-0: Ball
2-0: Ball
3-0: Called Strike
3-1: Base on Balls
Batting: RHB Glen Limeburner 0-0: Ball
1-0: Called Strike
1-1: Swinging Strike
1-2: Strikes out swinging
Batting: RHB Armando Ramirez 0-0: Called Strike
0-1: Swinging Strike
0-2: Ground out U3 (Groundball, 3L, EV 90.6 MPH)
Bottom of the 2nd over - 0 runs, 0 hits, 0 errors, 1 left on base; Portland 1 - Kelowna 2
TOP OF THE 3RD
Portland Angels batting - Pitching for Kelowna Heat : LHP Jason Haas
Batting: RHB Carlos Gonzales 0-0: Foul Ball, location: 2F
0-1: Ball
1-1: Fly out, F6 (Flyball, 5D, EV 89.4 MPH)
Batting: RHB Fernando Sosa 0-0: Ball
1-0: Ball
2-0: Ball
3-0: Called Strike
3-1: Called Strike
3-2: Foul Ball, location: 2F
3-2: Strikes out looking
Batting: LHB Ramon Garduno 0-0: Ball
1-0: Foul Ball, location: 2F
1-1: Called Strike
1-2: Ball
2-2: Foul Ball, location: 2F
2-2: Strikes out swinging
Top of the 3rd over - 0 runs, 0 hits, 0 errors, 0 left on base; Portland 1 - Kelowna 2
BOTTOM OF THE 3RD
Kelowna Heat batting - Pitching for Portland Angels : LHP Randy Boutilier
Batting: RHB Noe Oliva 0-0: Called Strike
0-1: Swinging Strike
0-2: Ball
1-2: Ball
2-2: Foul Ball, location: 2F
2-2: SINGLE (Flyball, 6D, EV 85.6 MPH)
Batting: RHB Tony Harper 0-0: Ball
1-0: Swinging Strike
1-1: Ball
2-1: Foul Ball, location: 2F
2-2: Ball
3-2: Base on Balls
Noe Oliva to second
Batting: LHB Mike Roberts 0-0: Ball
1-0: Ball
2-0: Swinging Strike
2-1: Called Strike
2-2: Strikes out looking
Batting: LHB Oscar Tamayo 0-0: Ball
1-0: Foul Ball, location: 2F
1-1: Ball
2-1: Ball
3-1: Base on Balls
Noe Oliva to third
Tony Harper to second
Batting: LHB Adrian Navarro 0-0: Called Strike
0-1: Grounds into double play, 3-6-1 (Groundball, 3, EV 96.9 MPH)
Bottom of the 3rd over - 0 runs, 1 hit, 0 errors, 2 left on base; Portland 1 - Kelowna 2
TOP OF THE 4TH
Portland Angels batting - Pitching for Kelowna Heat : LHP Jason Haas
Batting: RHB Alex Rosaly 0-0: Ball
1-0: Called Strike
1-1: Ball
2-1: Fly out, F7 (Line Drive, 7D, EV 106.9 MPH)
Batting: SHB Yuya Hirata 0-0: Foul Ball, location: 2F
0-1: Ball
1-1: Ball
2-1: SINGLE (Groundball, 4MS, EV 75.0 MPH) (infield hit)
Batting: LHB Kevin Feldman 0-0: Called Strike
0-1: Foul Ball, location: 2F
0-2: Foul Ball, location: 2F
0-2: Fly out, F7 (Flyball, 7S, EV 93.8 MPH)
Batting: RHB Dan Contreras 0-0: Fly out, F9 (Flyball, 89S, EV 73.8 MPH)
Top of the 4th over - 0 runs, 1 hit, 0 errors, 1 left on base; Portland 1 - Kelowna 2
BOTTOM OF THE 4TH
Kelowna Heat batting - Pitching for Portland Angels : LHP Randy Boutilier
Batting: RHB Tsugio Yamaguchi 0-0: Foul Ball, location: 2F
0-1: Ball
1-1: Fly out, F8 (Flyball, 8RD, EV 99.4 MPH)
Batting: RHB Soichi Kaneshiro 0-0: Foul Ball, location: 2F
0-1: Foul Ball, location: 2F
0-2: Strikes out swinging
Batting: RHB Glen Limeburner 0-0: Ball
1-0: Foul Ball, location: 2F
1-1: Called Strike
1-2: Strikes out swinging
Bottom of the 4th over - 0 runs, 0 hits, 0 errors, 0 left on base; Portland 1 - Kelowna 2
TOP OF THE 5TH
Portland Angels batting - Pitching for Kelowna Heat : LHP Jason Haas
Batting: LHB David Coatney 0-0: SINGLE (Flyball, 6MD, EV 90.6 MPH) - OUT at second base trying to stretch hit.
Batting: RHB Mario Martinez 0-0: Ball
1-0: Ball
2-0: Ball
3-0: Base on Balls
Batting: RHB Carlos Gonzales 0-0: Ball
Mario Martinez steals 2nd base
1-0: Called Strike
1-1: Ball
2-1: Foul Ball, location: 2F
2-2: Foul Ball, location: 2F
2-2: SINGLE (Groundball, 6MD, EV 96.9 MPH)
Mario Martinez to third
Runner from 3rd tries for Home, SAFE, throw by CF to home
Carlos Gonzales to second
Batting: RHB Fernando Sosa 0-0: Ball
1-0: Called Strike
1-1: Swinging Strike
Passed Ball!
Carlos Gonzales to third
1-2: Foul Ball, location: 2F
1-2: Foul Ball, location: 2F
1-2: Ball
2-2: Strikes out swinging
Batting: LHB Ramon Garduno 0-0: Swinging Strike
0-1: Called Strike
0-2: Ball
1-2: Ball
2-2: Strikes out looking
Top of the 5th over - 1 run, 2 hits, 0 errors, 1 left on base; Portland 2 - Kelowna 2
BOTTOM OF THE 5TH
Kelowna Heat batting - Pitching for Portland Angels : LHP Randy Boutilier
Batting: RHB Armando Ramirez 0-0: Ball
1-0: Fly out, F4 (Popup, 13, EV 88.1 MPH)
Batting: RHB Noe Oliva 0-0: Called Strike
0-1: SINGLE (Line Drive, 7LM, EV 102.5 MPH)
Batting: RHB Tony Harper 0-0: Ball
Noe Oliva steals 2nd base
1-0: Fly out, F8 (Flyball, 8RM, EV 90.6 MPH)
Batting: LHB Mike Roberts 0-0: Foul Ball, location: 2F
0-1: Ball
Wild Pitch!
Noe Oliva to third
1-1: Foul Ball, location: 2F
1-2: Strikes out swinging
Bottom of the 5th over - 0 runs, 1 hit, 0 errors, 1 left on base; Portland 2 - Kelowna 2
TOP OF THE 6TH
Portland Angels batting - Pitching for Kelowna Heat : LHP Jason Haas
Batting: RHB Alex Rosaly 0-0: Called Strike
0-1: Ball
1-1: Foul Ball, location: 2F
1-2: Ball
2-2: Strikes out swinging
Batting: SHB Yuya Hirata 0-0: Called Strike
0-1: Ball
1-1: Ball
2-1: Swinging Strike
2-2: Strikes out swinging
Batting: LHB Kevin Feldman 0-0: Ball
1-0: Ball
2-0: Swinging Strike
2-1: Ball
3-1: Fly out, F8 (Flyball, 8RXD, EV 99.4 MPH)
Top of the 6th over - 0 runs, 0 hits, 0 errors, 0 left on base; Portland 2 - Kelowna 2
BOTTOM OF THE 6TH
Kelowna Heat batting - Pitching for Portland Angels : LHP Randy Boutilier
Batting: LHB Oscar Tamayo 0-0: Called Strike
0-1: Called Strike
0-2: Ball
1-2: Strikes out swinging
Batting: LHB Adrian Navarro 0-0: Ball
1-0: Foul Ball, location: 2F
1-1: Called Strike
1-2: Foul Ball, location: 2F
1-2: SINGLE (Groundball, 3D, EV 105.0 MPH)
Pitching: LHP Jim Roney
Batting: RHB Tsugio Yamaguchi 0-0: Ball
1-0: Ball
2-0: Called Strike
2-1: Foul Ball, location: 2F
2-2: Fielders Choice at 2nd, 4-6 (Groundball, 4, EV 83.8 MPH)
Batting: RHB Soichi Kaneshiro 0-0: Foul Ball, location: 2F
0-1: Swinging Strike
Passed Ball!
Tsugio Yamaguchi to second
0-2: Ball
1-2: Fly out, F4 (Line Drive, 4M, EV 63.8 MPH)
Bottom of the 6th over - 0 runs, 1 hit, 0 errors, 1 left on base; Portland 2 - Kelowna 2
TOP OF THE 7TH
Portland Angels batting - Pitching for Kelowna Heat : LHP Jason Haas
Batting: RHB Dan Contreras 0-0: Called Strike
0-1: Ball
1-1: Ground out 6-3 (Groundball, 56, EV 101.9 MPH)
Batting: LHB David Coatney 0-0: Foul Ball, location: 2F
0-1: Ball
1-1: Foul Ball, location: 2F
1-2: Strikes out looking
Batting: RHB Mario Martinez 0-0: Ball
1-0: Fly out, F8 (Flyball, 8LD, EV 101.9 MPH)
Top of the 7th over - 0 runs, 0 hits, 0 errors, 0 left on base; Portland 2 - Kelowna 2
BOTTOM OF THE 7TH
Kelowna Heat batting - Pitching for Portland Angels : LHP Jim Roney
Batting: RHB Glen Limeburner 0-0: Called Strike
0-1: Swinging Strike
0-2: Ball
1-2: Strikes out swinging
Batting: RHB Armando Ramirez 0-0: Swinging Strike
0-1: Fly out, F7 (Flyball, 78M, EV 91.9 MPH)
Batting: RHB Noe Oliva 0-0: Ball
1-0: Fly out, F7 (Flyball, 78D, EV 106.9 MPH)
Bottom of the 7th over - 0 runs, 0 hits, 0 errors, 0 left on base; Portland 2 - Kelowna 2
TOP OF THE 8TH
Portland Angels batting - Pitching for Kelowna Heat : LHP Jason Haas
Batting: RHB Carlos Gonzales 0-0: Ball
1-0: Called Strike
1-1: Foul Ball, location: 2F
1-2: Ball
2-2: Ball
3-2: Fly out, F7 (Flyball, 7LD, EV 109.4 MPH)
Pitching: RHP James Jenkins
Batting: RHB Fernando Sosa 0-0: Called Strike
0-1: Foul Ball, location: 2F
0-2: Ground out 6-3 (Groundball, 6S, EV 88.1 MPH)
Batting: LHB Ramon Garduno 0-0: Ball
1-0: SINGLE (Line Drive, 89S, EV 105.0 MPH)
Batting: RHB Alex Rosaly 0-0: Foul Ball, location: 2F
0-1: Ball
1-1: Swinging Strike
1-2: Strikes out swinging
Top of the 8th over - 0 runs, 1 hit, 0 errors, 1 left on base; Portland 2 - Kelowna 2
BOTTOM OF THE 8TH
Kelowna Heat batting - Pitching for Portland Angels : LHP Jim Roney
Batting: RHB Tony Harper 0-0: Ball
1-0: Fly out, F8 (Flyball, 8RM, EV 81.2 MPH)
Batting: LHB Mike Roberts 0-0: Ball
1-0: Swinging Strike
1-1: Called Strike
1-2: Foul Ball, location: 2F
1-2: Foul Ball, location: 2F
1-2: Ball
2-2: Foul Ball, location: 2F
2-2: Foul Ball, location: 2F
2-2: Ball
3-2: Ground out 1-3 (Groundball, P, EV 70.6 MPH)
Batting: LHB Oscar Tamayo 0-0: Ball
1-0: Fly out, F8 (Flyball, 89S, EV 90.6 MPH)
Bottom of the 8th over - 0 runs, 0 hits, 0 errors, 0 left on base; Portland 2 - Kelowna 2
TOP OF THE 9TH
Portland Angels batting - Pitching for Kelowna Heat : RHP James Jenkins
Batting: SHB Yuya Hirata 0-0: Ball
1-0: Called Strike
1-1: Called Strike
1-2: Fly out, F9 (Flyball, 9LS, EV 90.0 MPH)
Batting: LHB Kevin Feldman 0-0: Swinging Strike
0-1: Foul Ball, location: 2F
0-2: SINGLE (Groundball, 3D, EV 100.0 MPH)
Batting: RHB Dan Contreras 0-0: Swinging Strike
0-1: Ball
1-1: Ball
2-1: Foul Ball, location: 2F
2-2: Foul Ball, location: 2F
2-2: Ball
3-2: Strikes out looking
Pitching: RHP Edward Jones
Batting: LHB David Coatney 0-0: Ball
1-0: Ball
2-0: Ball
3-0: Base on Balls
Kevin Feldman to second
Batting: RHB Mario Martinez 0-0: Called Strike
0-1: Foul Ball, location: 2F
0-2: Ball
Passed Ball!
Kevin Feldman to third
David Coatney to second
1-2: Foul Ball, location: 2F
1-2: Foul Ball, location: 2F
1-2: Strikes out swinging
Top of the 9th over - 0 runs, 1 hit, 0 errors, 2 left on base; Portland 2 - Kelowna 2
BOTTOM OF THE 9TH
Kelowna Heat batting - Pitching for Portland Angels : LHP Jim Roney
Batting: LHB Adrian Navarro 0-0: Ball
1-0: Ball
2-0: Ball
3-0: Base on Balls
Batting: RHB Tsugio Yamaguchi 0-0: Ball
1-0: Foul Ball, location: 2F
1-1: Foul Ball, location: 2F
1-2: Fly out, F7 (Flyball, 78S, EV 77.5 MPH)
Pinch Hitting: LHB Eddie Lemus 0-0: Foul Ball, location: 2F
0-1: Foul Ball, location: 2F
0-2: Foul Ball, location: 2F
0-2: Foul Ball, location: 2F
0-2: Foul Ball, location: 2F
0-2: Ball
1-2: Ball
2-2: Grounds into double play, 4-6-3 (Groundball, 4, EV 80.0 MPH)
Bottom of the 9th over - 0 runs, 0 hits, 0 errors, 0 left on base; Portland 2 - Kelowna 2
TOP OF THE 10TH
Portland Angels batting - Pitching for Kelowna Heat : RHP Edward Jones
Now in RF: RĂºbem Trancoso
Batting: RHB Carlos Gonzales 0-0: Foul Ball, location: 2F
0-1: Ground out 6-3 (Groundball, 6, EV 86.9 MPH)
Batting: RHB Fernando Sosa 0-0: Ball
1-0: Ball
2-0: Swinging Strike
2-1: Ball
3-1: Foul Ball, location: 2F
3-2: Strikes out swinging
Batting: LHB Ramon Garduno 0-0: Ball
1-0: Ball
2-0: Ball
3-0: Called Strike
3-1: Base on Balls
Batting: RHB Alex Rosaly 0-0: Called Strike
0-1: Ball
1-1: Ball
2-1: Foul Ball, location: 2F
2-2: Strikes out looking
Top of the 10th over - 0 runs, 0 hits, 0 errors, 1 left on base; Portland 2 - Kelowna 2
BOTTOM OF THE 10TH
Kelowna Heat batting - Pitching for Portland Angels : LHP Jim Roney
Pitching: RHP John Martin
Pinch Hitting: LHB Kuan Hsia 0-0: Ball
1-0: Ball
2-0: Foul Ball, location: 2F
2-1: Fly out, F8 (Flyball, 8RM, EV 90.6 MPH)
Batting: RHB Armando Ramirez 0-0: Called Strike
0-1: Swinging Strike
0-2: Foul Ball, location: 2F
0-2: Strikes out looking
Batting: RHB Noe Oliva 0-0: Called Strike
0-1: Ball
1-1: SOLO HOME RUN (Flyball, 7LD, EV 95.0 MPH), Distance : 339 ft
Bottom of the 10th over - 1 run, 1 hit, 0 errors, 0 left on base; Portland 2 - Kelowna 3
Thursday, December 15th , 2022 - OOTP Baseball 23.9 Build 102